 Dungeon Crawl Stone Soup version 0.23-a0-819-g6debee6 (webtiles) character file.

609 zishaf the Conjurer (level 7, -7/52 HPs)
             Began as a Yellow Draconian Conjurer on Jan 22, 2019.
             Mangled by Crazy Yiuf
             ... wielding a +4 quarterstaff of chaos
              (9 damage)
             ... on level 5 of the Dungeon.
             The game lasted 00:11:42 (5088 turns).

zishaf the Conjurer (Yellow Draconian Conjurer)     Turns: 5088, Time: 00:11:43

Health: -7/52      AC:  6    Str: 11    XL:     7   Next: 19%
Magic:  1/11       EV: 13    Int: 17    God:
Gold:   173        SH:  0    Dex: 11    Spells: 6/12 levels left

rFire    . . .     SeeInvis +   b - +1 mace (crush)
rCold    . . .     Gourm    .   (no shield)
rNeg     . . .     Faith    .   (armour unavailable)
rPois    .         Spirit   .   (helmet restricted)
rElec    .         Reflect  .   (no cloak)
rCorr    +         Harm     .   (no gloves)
MR       .....                  (no boots)
Stlth    +.........             (no amulet)
HPRegen  0.17/turn              m - ring of wizardry
MPRegen  0.12/turn              n - ring of see invisible

@: confused, lethally poisoned (-7 -> -13)
A: spit acid, acid resistance, unfitting armour, cold-blooded, AC +6
a: Breathe Acid


You were on level 5 of the Dungeon.
You were not hungry.

You visited 1 branch of the dungeon, and saw 5 of its levels.

You collected 173 gold pieces.

Inventory:

Hand Weapons
 a - a +0 hunting sling
 b - a +1 mace of crushing (weapon)
Missiles
 e - 63 stones (quivered)
Jewellery
 m - a ring of wizardry (left hand)
 n - a ring of see invisible (right hand)
Scrolls
 c - a scroll of enchant armour {unknown}
 h - 3 scrolls of identify {unknown}
 i - 2 scrolls of teleportation {unknown}
 k - a scroll of immolation {unknown}
 r - 2 scrolls of remove curse {unknown}
Potions
 f - 2 potions of agility {unknown}
 g - 2 potions of lignification {unknown}
 j - a potion of brilliance {unknown}
 l - 2 potions of haste
 o - 3 potions of ambrosia {unknown}
 q - a potion of invisibility {unknown}
Comestibles
 d - 9 rations
 p - a chunk of flesh


   Skills:
 + Level 1.6 Fighting
 + Level 4.0 Dodging
 - Level 1.7 Stealth
 - Level 3.0 Spellcasting
 * Level 7.1 Conjurations


You had 6 spell levels left.
You knew the following spells:

 Your Spells              Type           Power        Failure   Level  Hunger
a - Magic Dart            Conj           ####         1%          1    None
b - Searing Ray           Conj           ####..       1%          2    ##.....
z - Dazzling Spray        Conj/Hex       ##....       4%          3    ###....

Your spell library contained the following spells:

 Spells                   Type           Power        Failure   Level  Hunger
 Iskenderun's Mystic Bla  Conj           ####....     4%          4    ####...
 Force Lance              Conj/Tloc      ##......     16%         4    ####...
 Fulminant Prism          Conj/Hex       ##........   16%         4    ####...


Dungeon Overview and Level Annotations

Branches:
Dungeon (5/15)
 Temple: D:4-7

Altars:
Gozag
Xom

Annotations:
D:4 3 runed doors, Skryme's ghost, amateur OpFi
D:5 Crazy Yiuf


Innate Abilities, Weirdness & Mutations

You can spit globs of acid.
You are resistant to acid.
Your golden yellow scales are hard. (AC +6)
You cannot fit into any form of body armour.
You are cold-blooded and may be slowed by cold attacks.


Message History

You closely miss Crazy Yiuf.
Crazy Yiuf is almost dead.
You feel sick.
Crazy Yiuf hits you with a +4 quarterstaff of chaos.
You are confused.
Crazy Yiuf hits you with a +4 quarterstaff of chaos!
* * * LOW HITPOINT WARNING * * *
You are electrocuted!
* * * LOW HITPOINT WARNING * * *
Some of the chunks of flesh in your inventory have rotted away.
You bump into the stone wall.
* * * LOW HITPOINT WARNING * * *
You feel sick.
You're too confused!
You bump into the rock wall.
Crazy Yiuf closely misses you.
You bump into the rock wall.
* * * LOW HITPOINT WARNING * * *
You feel sick.
Crazy Yiuf hits you with a +4 quarterstaff of chaos!
You die...

#####
#.()#
#...#
...
#g#
##@#
#.##
##.#
#.##
##.##
#.))##
#))..#
#))))#
##..##


You could see Crazy Yiuf.

Vanquished Creatures
  2 ogres
  A scorpion (D:4)
  A bullfrog skeleton (D:4)
  Jessica (D:3)
  3 worker ants (D:4)
  8 gnolls
  Robin (D:4)
  4 adders
  3 oozes
  6 worms
  4 dart slugs
  3 leopard geckos
  10 orcs
  A ball python (D:3)
  4 giant cockroaches
  22 goblins
  2 hobgoblins (D:3)
  4 jackals (D:1)
  5 quokkas
  5 bats
  5 frilled lizards
  11 kobolds
  5 rats
111 creatures vanquished.

Notes
Turn   | Place    | Note
-------+----------+-------------------------------------------
     0 | D:1      | zishaf the Draconian Conjurer began the quest for the Orb.
     0 | D:1      | Reached XP level 1. HP: 14/14 MP: 3/3
   234 | D:1      | Reached XP level 2. HP: 11/20 MP: 0/5
   633 | D:1      | Reached XP level 3. HP: 26/26 MP: 2/6
  1401 | D:2      | Reached XP level 4. HP: 14/33 MP: 0/7
  1690 | D:2      | Learned a level 2 spell: Searing Ray
  1741 | D:2      | Reached skill level 5 in Conjurations
  2071 | D:2      | Found a shimmering altar of Xom.
  2602 | D:3      | Noticed Jessica
  2605 | D:3      | Killed Jessica
  2605 | D:3      | Reached XP level 5. HP: 38/38 MP: 6/9
  2677 | D:3      | Learned a level 3 spell: Dazzling Spray
  3358 | D:4      | Found a runed gate.
  3358 | D:4      | Found a runed gate.
  3374 | D:4      | Reached skill level 6 in Conjurations
  3470 | D:4      | Reached XP level 6. HP: 24/45 MP: 5/10
  3671 | D:4      | Noticed Robin
  4208 | D:4      | Reached skill level 1 in Fighting
  4225 | D:4      | Found an opulent altar of Gozag.
  4317 | D:4      | Your scales start taking on a golden yellow colour.
  4317 | D:4      | Reached XP level 7. HP: 52/52 MP: 3/11
  4405 | D:4      | Killed Robin
  4408 | D:4      | Reached skill level 7 in Conjurations
  4412 | D:4      | Found a runed gate.
  4412 | D:4      | Noticed Skryme's ghost (amateur OpFi)
  5042 | D:5      | Entered Level 5 of the Dungeon
  5060 | D:5      | Found a runed door.
  5069 | D:5      | Noticed Crazy Yiuf
  5088 | D:5      | HP: 2/52 [poisoned by Crazy Yiuf]
  5088 | D:5      | Mangled by Crazy Yiuf

Vault maps used:
D:1:      psy_arrival_fountain
D:2:      xom_teletrap_fun, first_ration
D:3:      uniq_jessica
D:4:      grunt_gozag_breadcrumbs, gammafunk_ghost_split, uniq_robin
D:5:      makhleb_altar_promises_db, overflow_temple_1_default,
          gammafunk_temple_overflow_wave, uniq_eustachio,
          uniq_crazy_yiuf_cottage, uniq_blork_the_orc, uniq_sigmund

Skill      XL: |  1  2  3  4  5  6  7 |
---------------+----------------------+-----
Dodging        | 2 3 4 |  4.0
Conjurations   | 5 6 7 |  7.1
Spellcasting   | 3 |  3.0
Fighting       | 1 |  1.6
Stealth        | |  1.7

Action                   |  1- 3 |  4- 6 |  7- 9 || total
-------------------------+-------+-------+-------++-------
Melee: Unarmed           |    18 |       |       ||    18
       Tailslap          |     2 |     1 |       ||     3
       Short sword       |       |    15 |       ||    15
       Mace              |       |       |     5 ||     5
 Fire: Hunting sling     |    71 |   111 |    39 ||   221
 Cast: Magic Dart        |    42 |    65 |    18 ||   125
       Searing Ray       |       |     5 |     3 ||     8
       Dazzling Spray    |       |     8 |     1 ||     9
 Abil: Breathe Acid      |       |       |     3 ||     3
 Stab: Invisible         |       |     1 |       ||     1
  Eat: Chunk             |     2 |     7 |     3 ||    12
       Ration            |       |     1 |       ||     1
Armor: Skin              |    17 |    31 |     5 ||    53
Dodge: Dodged            |    29 |    69 |    31 ||   129

Table legend:
 A = Non-vault XP
 B = Vault XP
 C = Vault XP percentage of total XP
 D = Non-vault monster count
 E = Vault monster count
 F = Vault count percentage of total count
                 A         B        C        D         E       F
            +---------+---------+-------+---------+---------+-------
      Total |     797 |      73 |   8.4 |      97 |      14 |  12.6
            +---------+---------+-------+---------+---------+-------
        D:1 |      63 |       0 |   0.0 |      33 |       0 |   0.0
        D:2 |     110 |       0 |   0.0 |      17 |       0 |   0.0
        D:3 |     216 |      42 |  16.3 |      27 |       4 |  12.9
        D:4 |     408 |      31 |   7.1 |      20 |      10 |  33.3
            +---------+---------+-------+---------+---------+-------
